 Dungeon Crawl Stone Soup version 0.31-a0-271-gb88eb75e06 (webtiles) character file.

Game seed: 11573943298591639473

115 vineage the Trooper (level 5, -8/36 HPs)
             Began as a Gargoyle Fighter on July 14, 2023.
             Killed by divine providence
             ... invoked by an orc priest
              (10 damage)
             ... on level 3 of the Dungeon.
             The game lasted 00:01:34 (927 turns).

vineage the Trooper (Gargoyle Fighter)               Turns: 927, Time: 00:01:35

Health: -8/36      AC: 19    Str: 23    XL:     5   Next: 0%
Magic:  5/5        EV:  6    Int:  8    God:
Gold:   64         SH:  0    Dex: 10    Spells: 4/4 levels left

rFire   . . .        a - +0 flail
rCold   . . .        c - +0 buckler
rNeg    + . .        f - +0 plate armour
rPois   ∞            e - +0 helmet
rElec   +            (no cloak)
rCorr   .            i - +2 pair of gloves
SInv    .            (no boots)
Will    .....        g - amulet of the acrobat Stlth
                     (no ring)
HPRegen 0.26/turn    (no ring)
MPRegen 0.09/turn

%: acrobat
@: confused, weak-willed
A: sickness immunity, AC +4, negative energy resistance 1, electricity
resistance, torment resistance 1, petrification resistance, strong 1, inability
to read after injury 1
a: no special abilities


You were on level 3 of the Dungeon.
You visited 1 branch of the dungeon, and saw 4 of its levels.

You collected 64 gold pieces.

Inventory:

Hand Weapons
 a - a +0 flail (weapon)
Armour
 c - a +0 buckler (worn)
 e - a +0 helmet (worn)
 f - a +0 plate armour (worn)
 i - a +2 pair of gloves (worn)
Jewellery
 g - an amulet of the acrobat (around neck)
 k - an amulet of regeneration
Scrolls
 j - a scroll of identify {unknown}
 l - a scroll of teleportation {unknown}
Potions
 d - a potion of might
 h - a potion of mutation


   Skills:
 + Level 6.0 Fighting
 - Level 2.0 Maces & Flails
 - Level 3.2 Armour
 - Level 3.2 Shields


You had 4 spell levels left.
You didn't know any spells.
Your spell library contained the following spells:

 Spells                   Type           Power      Damage    Failure   Level
 Sting                    Tmut/Pois      0%         1d3       100%        1
 Blink                    Tloc           0%         N/A       100%        2
 Poisonous Vapours        Pois/Air       0%         N/A       100%        2
 Gell's Gravitas          Tloc           0%         N/A       100%        3
 Teleport Other           Tloc           0%         N/A       100%        3
 Manifold Assault         Tloc           0%         N/A       100%        4
 Olgreb's Toxic Radiance  Pois           0%         N/A       100%        4
 Dispersal                Tloc           0%         N/A       100%        6


Dungeon Overview and Level Annotations

Branches:
Dungeon (4/15)
 Temple: D:4-7

Altars:


Innate Abilities, Weirdness & Mutations

You are immune to sickness and miasma.
Your stone body is resilient. (AC +4)
You are immune to poison.
You resist negative energy. (rN+)
You are resistant to electric shocks. (rElec)
You are resistant to unholy torment.
You are immune to petrification.
Your muscles are strong. (Str +4, Int/Dex -1)
You occasionally lose the ability to read scrolls when taking damage.


Message History

The orc hits you with a +0 mace.
You closely miss something.
You hear some strange, mumbled words.
A magic dart appears from out of thin air!
The magic dart hits you.
* * * LOW HITPOINT WARNING * * *
The orc hits you but does no damage. Something hits you.
* * * LOW HITPOINT WARNING * * *
You block the orc's attack.
You hit something.
An orc priest comes into view.
It is wielding a +0 short sword of venom.
Something hits you but does no damage. The orc hits you but does no damage.
You hit something but do no damage.
You hear some strange, mumbled words.
A magic dart appears from out of thin air!
The magic dart hits you!
* * * LOW HITPOINT WARNING * * *
You block the orc's attack.
The orc priest looks braver for a moment.
You hear a shout!
As you read the scroll labelled BILLIA XIODDU, it crumbles to dust.
Magic quickly surges around you.
It was a scroll of vulnerability.
You hear some strange, mumbled words.
You are confused.
An orc comes into view. It is wielding a +0 short sword.
Unknown command.
You are too confused!
It was a potion of mutation.
You feel extremely strange.
You feel stronger.
You occasionally lose the ability to read scrolls when taking damage.
The bat completely misses you. Something hits you but does no damage.
The orc hits you with a +0 mace.
* * * LOW HITPOINT WARNING * * *
You closely miss the orc. The orc hits you but does no damage.
You hear some strange, mumbled words.
You are more confused.
The orc hits you but does no damage.
The orc priest mumbles some strange prayers to Beogh against you.
Beogh smites you!
You die...

### # ...# .##
....### ###..#
#......## ......
.......# #......
#....######.......
#..oo...)..#
###@{b....##
####)..>.#
#..oo..#
.....##.#....
######....####
.##.. .# ... o .#<
.. #.


You could see an orc priest (weak-willed), 3 orcs and a bat (weak-willed).

Vanquished Creatures
  2 sleepcaps (D:4)
  2 adders (D:4)
  5 orcs
  A bat (D:1)
  2 endoplasms (D:1)
  7 giant cockroaches (D:1)
  3 goblins
  3 kobolds
  3 quokkas (D:1)
  4 ball pythons (D:1)
  3 frilled lizards (D:1)
  6 rats (D:1)
41 creatures vanquished.

Notes
Turn   | Place    | Note
-------+----------+-------------------------------------------
     0 | D:1      | vineage the Gargoyle Fighter began the quest for the Orb.
     0 | D:1      | Reached XP level 1. HP: 14/14 MP: 1/1
   139 | D:1      | Reached XP level 2. HP: 20/20 MP: 2/2
   140 | D:1      | Reached skill level 4 in Fighting
   454 | D:1      | Reached XP level 3. HP: 23/24 MP: 3/3
   744 | D:2      | You fall into a shaft and drop 2 floors!
   771 | D:4      | Reached skill level 5 in Fighting
   771 | D:4      | Reached XP level 4. HP: 28/31 MP: 4/4
   894 | D:3      | Reached skill level 6 in Fighting
   914 | D:3      | Reached XP level 5. HP: 25/36 MP: 5/5
   926 | D:3      | Gained mutation: Your muscles are strong. (Str +4, Int/Dex
                  | -1) [potion of mutation]
   926 | D:3      | Gained mutation: You occasionally lose the ability to read
                  | scrolls when taking damage. [potion of mutation]
   926 | D:3      | HP: 1/36 [orc/+0 mace (1)]
   927 | D:3      | Killed from afar by an orc priest

Illustrated notes

Levels and vault maps discovered:
D:1:      dpeg_arrival_rooms_a, layout_basic, minmay_worlds_worst_comb
D:2:      layout_basic, nicolae_figureground_sparkle
D:3:      layout_rooms
D:4:      layout_loops_ring, grunt_qazlal_clouds, minmay_misc_feat_alley,
          hellmonk_no_cap, uniq_blork_the_orc

Skill      XL: |  1  2  3  4 |
---------------+-------------+-----
Fighting       | 4 5 6 |  6.0
Maces & Flails | |  2.0
Armour         | |  3.2
Shields        | |  3.2

Action                     |  1- 3 |  4- 6 || total
---------------------------+-------+-------++-------
  Melee: Flail             |   105 |    47 ||   152
    Use: Scroll            |       |     1 ||     1
         Potion            |       |     1 ||     1
 Armour: Scale mail        |    14 |       ||    14
         Plate armour      |    74 |    74 ||   148
  Dodge: Dodged            |    50 |    19 ||    69
  Block: Buckler           |    15 |    13 ||    28

Table legend: (Time is in decaauts)
 A = Elapsed time spent in this place.
 B = Non-inter-level travel time spent in this place.
 C = Inter-level travel time spent in this place.
 D = Time resting spent in this place.
 E = Time spent auto-exploring this place.
 F = Levels seen in this place.
 G = Mean time per level.
                   A        B        C        D        E       F      G
               +--------+--------+--------+--------+--------+-----+--------+
         Total |    976 |    913 |     63 |      0 |    569 |   4 |  244.0 |
       Dungeon |    976 |    913 |     63 |      0 |    569 |   4 |  244.0 |
               +--------+--------+--------+--------+--------+-----+--------+

Top non-repeatable levels by time:
     D:1: 774 daAuts
     D:4: 149 daAuts
     D:3: 51 daAuts
     D:2: 1 daAuts
